 Dungeon Crawl Stone Soup version 0.13.0-29-gdb529de (webtiles) character file.

359 KilgoreWolfe the Cudgeler (level 6, -2/39 HPs)
             Began as a Gargoyle Berserker on Nov 15, 2013.
             Was a Priest of Trog.
             Slain by an orc priest
             ... wielding a +0,+0 orcish short sword
              (6 damage)
             ... on Level 3 of the Dungeon.
             The game lasted 00:13:37 (1780 turns).

KilgoreWolfe the Cudgeler (Gargoyle Berserker)      Turns: 1780, Time: 00:13:38

HP  -2/39        AC 14     Str 22      XL: 6   Next: 32%
MP   5/5         EV  9     Int  8      God: Trog [***...]
Gold 68          SH  6     Dex  9      Spells:  0 memorised,  5 levels left

Res.Fire  : . . .   See Invis. : .   a - +0 mace
Res.Cold  : . . .   Warding    : .   d - +2 ring mail
Life Prot.: + . .   Conserve   : .   k - +0 buckler
Res.Poison: +       Res.Corr.  : .   (no helmet)
Res.Elec. : +       Clarity    : .   (no cloak)
Sust.Abil.: . .     Spirit.Shd : .   g - +0 pair of gauntlets
Res.Mut.  : .       Stasis     : .   u - +0 pair of boots
Res.Rott. : +       Flight     : .   s - amulet of inaccuracy {unknown}
Saprovore : . . .                    (no ring)
                                     (no ring)

@: exhausted, slowed, very slow, slightly resistant to hostile enchantments,
extremely unstealthy
A: fangs 1, talons 2, life protection 1, electricity resistance, slow metabolism
1, unbreathing, petrification resistance, AC +4
a: Burn Spellbooks, Berserk, Trog's Hand, Renounce Religion


You were on level 3 of the Dungeon.
You worshipped Trog.
Trog was most pleased with you.
You were not hungry.

You visited 1 branch of the dungeon, and saw 3 of its levels.

You collected 48 gold pieces.

Inventory:

Hand weapons
 a - a +0,+0 mace (weapon)
Missiles
 h - 18 darts (quivered)
Armour
 b - a +0 animal skin
 d - a +2 ring mail (worn)
 g - a +0 pair of gauntlets (worn)
 k - a +0 buckler (worn)
 p - a cursed +0 leather armour
 u - a +0 pair of boots (worn)
Comestibles
 c - 2 bread rations
 q - an apple
Scrolls
 f - a scroll of remove curse {unknown}
 m - 5 scrolls of identify
 n - a scroll of blinking {unknown}
 r - 2 scrolls of fog {unknown}
 t - a scroll of teleportation
Jewellery
 s - an amulet of inaccuracy (around neck) {unknown}
Potions
 e - 2 potions of might {unknown}
 i - a potion of poison {unknown}
 j - a potion of degeneration {unknown}
 l - a potion of mutation {unknown}
 o - a potion of brilliance {unknown}
 v - a potion of curing {unknown}
 w - a potion of agility {unknown}


   Skills:
 + Level 4.5 Fighting
 * Level 5.1 Maces & Flails
 + Level 3.1 Armour
 + Level 3.0 Dodging
 + Level 0.8 Stealth
 + Level 0.4 Shields


You had 5 spell levels left.
You didn't know any spells.

Dungeon Overview and Level Annotations

Branches:
Dungeon (3/27)

Altars:
Nemelex Xobeh


Innate Abilities, Weirdness & Mutations

You are resistant to torment.
You are immune to poison.
Your stone body is very resilient (AC +4).
You have very sharp teeth.
You have razor-sharp toenails.
You resist negative energy.
You are resistant to electric shocks.
You have a slow metabolism.
You can survive without breathing.
You are immune to petrification.


Message History

You miss the adder.
The adder is almost dead.
The adder bites you.
You hit the adder.
You kill the adder!
Trog accepts your kill.
You closely miss the orc priest.
The orc priest picks up an orcish short sword.
The orc priest wields an orcish short sword.
The orc priest hits you but does no damage.
You hit the orc priest but do no damage.
The orc priest hits you but does no damage.
The orc priest completely misses you.
You miss the orc priest.
The orc priest invokes the aid of Beogh against you.
Something smites you!
* * * LOW HITPOINT WARNING * * *
You closely miss the orc priest. The orc priest barely misses you.
The orc priest hits you with an orcish short sword.
You die...

###.######.# #.. #.# #.#
#.. #.# #)# #.# #.# #.#
#.# #.# #.# #.# #.# #.#
#.# #.# #.# #.#
#.######.######.#######.#
.......o@................
#.######.####........##.#
#%# #........##># #.#
#........##.# #.#
#........##.# #.#
#........##.# #.#
#........##.# #.#
#........##.# #.#
#........##.#


You could see an orc priest.

Vanquished Creatures
  An ogre (D:3)
  An orc priest (D:3)
  An orc wizard (D:3)
  6 adders
  2 worms (D:2)
  A giant mite (D:2)
  A giant gecko (D:2)
  12 orcs (D:3)
  A goblin (D:2)
  10 hobgoblins
  4 jackals (D:2)
  7 kobolds
  A quokka (D:3)
  2 ball pythons (D:1)
  6 bats
  3 giant cockroaches
  A giant newt (D:1)
  11 rats
71 creatures vanquished.

Notes
Turn   | Place    | Note
--------------------------------------------------------------
     0 | D:1      | KilgoreWolfe, the Gargoyle Berserker, began the quest for the Orb.
     0 | D:1      | Reached XP level 1. HP: 14/14 MP: 0/0
    79 | D:1      | Reached XP level 2. HP: 17/19 MP: 1/1
   159 | D:1      | Acquired Trog's second power
   315 | D:1      | Found a sparkling altar of Nemelex Xobeh.
   503 | D:2      | Reached XP level 3. HP: 18/24 MP: 2/2
   731 | D:2      | Found a sparkling altar of Nemelex Xobeh.
   746 | D:3      | Noticed an ogre
   756 | D:3      | Killed an ogre
   756 | D:3      | Reached skill level 4 in Fighting
   756 | D:3      | Reached XP level 4. HP: 20/29 MP: 3/3
   756 | D:3      | Reached XP level 5. HP: 22/33 MP: 4/4
  1446 | D:2      | Reached XP level 6. HP: 36/39 MP: 5/5
  1452 | D:2      | Reached skill level 5 in Maces & Flails
  1780 | D:3      | Slain by an orc priest

Action                   |  1- 3 |  4- 6 || total
-------------------------+-------+-------++-------
Melee: Mace              |    72 |   165 ||   237
Invok: Berserk           |     1 |     3 ||     4
  Use: Scroll            |     4 |     1 ||     5
